 Dungeon Crawl Stone Soup version 0.29-a0-1016-g236c7fd91e (webtiles) character file.

Game seed: 16451494650768751294

9070 xian the Frost Mage (level 11, -20/75 HPs)
             Began as a Barachi Ice Elementalist on Aug 9, 2022.
             Was a Follower of Vehumet.
             Demolished by a fire giant
             ... wielding a +2 great sword of flaming
              (28 damage)
             ... on level 10 of the Dungeon.
             The game lasted 00:39:45 (11148 turns).

xian the Frost Mage (Barachi Ice Elementalist)     Turns: 11148, Time: 00:39:46

Health: -20/75     AC: 22    Str: 14    XL:     11   Next: 40%
Magic:  7/26       EV: 14    Int: 19    God:    Vehumet [*.....]
Gold:   415        SH:  5    Dex: 15    Spells: 21/32 levels left

rFire   . . .      SeeInvis .   m - +4 dagger (holy)
rCold   . . .      Faith    .   (no shield)
rNeg    . . .      Spirit   .   L - +0 steam dragon scales
rPois   .          Reflect  +   k - +2 helmet
rElec   .          Harm     .   l - +0 cloak
rCorr   .          Rampage  .   (no gloves)
Will    .....      Clarity  +   (no boots)
Stlth   +++.......              c - amulet of reflection
HPRegen 0.22/turn               K - +4 ring of protection
MPRegen 0.20/turn               t - +6 ring of dexterity

@: mighty, ice-armoured, freezing walls, slow
A: amphibious, slowness 1, strong legs 1, +LOS, hooves 1, clarity, clumsy 1,
strong 1
a: Hop, Renounce Religion


You were on level 10 of the Dungeon.
You worshipped Vehumet.
Vehumet was aware of your devotion.
You visited 2 branches of the dungeon, and saw 11 of its levels.

You collected 495 gold pieces.
You spent 80 gold pieces at shops.

Inventory:

Hand Weapons
 m - a +4 dagger of holy wrath (weapon)
 E - a +3 vorpal shortbow
Missiles
 J - 3 throwing nets
Armour
 k - a +2 helmet (worn)
 l - a +0 cloak (worn)
 L - +0 steam dragon scales (worn)
Magical Staves
 N - a staff of cold
Jewellery
 c - an amulet of reflection (around neck)
 f - a ring of poison resistance
 o - a ring of protection from fire
 t - a +6 ring of dexterity (right hand)
 K - a +4 ring of protection (left hand)
 M - an amulet of the acrobat
Wands
 a - a wand of paralysis (3)
 q - a wand of iceblast (16)
 A - a wand of flame (8)
 I - a wand of mindburst (5)
Scrolls
 e - 2 scrolls of enchant weapon
 i - a scroll of fear
 j - a scroll of immolation
 n - 6 scrolls of teleportation
 p - 3 scrolls of vulnerability
 s - a scroll of torment {unknown}
 v - a scroll of poison
 x - 2 scrolls of enchant armour
 y - a scroll of brand weapon {unknown}
 C - a scroll of blinking {unknown}
 D - 2 scrolls of amnesia
 H - a scroll of butterflies {unknown}
Potions
 b - 3 potions of magic
 d - a potion of resistance {unknown}
 g - 2 potions of mutation
 r - 4 potions of curing
 w - 2 potions of flight {unknown}
 z - a potion of ambrosia {unknown}
 B - 3 potions of degeneration {unknown}
 F - 2 potions of haste {unknown}
 G - a potion of attraction {unknown}
Miscellaneous
 h - a phantom mirror


   Skills:
 + Level 3.3 Fighting
 + Level 4.3 Short Blades
 + Level 0.9 Staves
 + Level 6.0 Dodging
 + Level 4.5 Stealth
 + Level 3.7 Shields
 + Level 11.0 Spellcasting
 + Level 2.0 Conjurations
 + Level 12.9 Ice Magic


You had 21 spell levels left.
You knew the following spells:

 Your Spells              Type           Power      Damage    Failure   Level
a - Freeze                Ice            100%       1d11      1%          1
b - Frozen Ramparts       Ice            100%       1d16      1%          3
c - Ozocubu's Armour      Ice            56%        N/A       1%          3
d - Hailstorm             Conj/Ice       38%        3d9       3%          4

Your spell library contained the following spells:

 Spells                   Type           Power      Damage    Failure   Level
 Foxfire                  Conj/Fire      56%        2x1d6     4%          1
 Sandblast                Erth           20%        2d7       7%          1
 Sting                    Tmut/Pois      40%        1d5       7%          1
 Passwall                 Tmut/Erth      8%         N/A       10%         2
 Poisonous Vapours        Pois/Air       20%        N/A       10%         2
 Stone Arrow              Conj/Erth      28%        3d8       13%         3
 Portal Projectile        Hex/Tloc       20%        N/A       21%         3
 Tukima's Dance           Hex            10%        N/A       21%         3
 Olgreb's Toxic Radiance  Pois           10%        N/A       54%         4
 Blade Hands              Tmut           5%         N/A       88%         5


Dungeon Overview and Level Annotations

Branches:
Dungeon (10/15)            Temple (1/1) D:4            Lair (0/5) D:8
    Orc: D:9-12

Altars:
Ashenzari
Cheibriados
Dithmenos
Fedhas
Gozag
Kikubaaqudgha
Makhleb
Nemelex Xobeh
Okawaru
Qazlal
Ru
Sif Muna
Trog
Uskayaw
Vehumet
Wu Jian
Xom
Yredelemnul
Zin
The Shining One

Shops:
D:1 !   D:3 !   D:8 =


Innate Abilities, Weirdness & Mutations

You are amphibious.
You cover ground slowly.
You can hop short distances.
You have an extended range of vision and can be seen from far away.
You have large cloven feet.
You possess an exceptional clarity of mind.
You are clumsy. (Dex -2)
Your muscles are strong. (Str +4, Int/Dex -1)


Message History

Casting: Freeze (safe; 1% risk of failure)
Confirm with . or Enter, or press ? or * to list all spells.
Aiming: Freeze (safe; 1% risk of failure)
Press: ? - help, Shift-Dir - straight line, f/p - fire giant
Aim: a fire giant, wielding a +2 great sword of flaming (moderately wounded)
You freeze the fire giant!
The fire giant is moderately wounded.
The wall freezes the fire giant but does no damage.
The fire giant hits you but does no damage.
Casting: Freeze (safe; 1% risk of failure)
Confirm with . or Enter, or press ? or * to list all spells.
Aiming: Freeze (safe; 1% risk of failure)
Press: ? - help, Shift-Dir - straight line, f/p - fire giant
Aim: a fire giant, wielding a +2 great sword of flaming (moderately wounded)
You freeze the fire giant.
The fire giant is moderately wounded.
The wall freezes the fire giant.
The fire giant misses you.
Casting: Freeze (safe; 1% risk of failure)
Confirm with . or Enter, or press ? or * to list all spells.
Aiming: Freeze (safe; 1% risk of failure)
Press: ? - help, Shift-Dir - straight line, f/p - fire giant
Aim: a fire giant, wielding a +2 great sword of flaming (moderately wounded)
You freeze the fire giant.
The fire giant is heavily wounded.
The wall freezes the fire giant but does no damage.
The fire giant hits you with a +2 great sword of flaming!!
* * * LOW HITPOINT WARNING * * *
The fire giant burns you.
* * * LOW HITPOINT WARNING * * *
The heat melts your icy armour.
You feel very mighty all of a sudden.
The wall freezes the fire giant.
The fire giant closely misses you.
You puncture the fire giant!
You kick the fire giant, but do no damage.
The fire giant is heavily wounded.
You hit the fire giant but do no damage.
The fire giant is heavily wounded.
The wall freezes the fire giant.
The fire giant hits you with a +2 great sword of flaming!!
You die...

#..##.. .. #..##.# ###
.# #..##?#♣♣.♣♣ .♣
#..#..#♣...♣
♣♣♣♣♣♣.♣♣♣♣♣♣
#.....#♣♣.♣♣
♣...........♣
#..#..#♣...♣
♣...........♣
#.....#♣♣.♣♣
♣..)#####+..♣
#..##.#♣...♣# ♣)C#.....#
#....)#.~~~.#♣♣.@#.....#
..###...~~~......#.....#
### #)#.~~~.#♣♣..#...o.#
# #)#♣...♣# ♣..#.....#
#####.#♣♣)♣♣ ♣..'#####'.
......#♣...♣ ♣..... ...
......#♣♣.♣♣ ♣^..... ..
.####.#♣...♣ ♣♣♣♣♣♣o♣ .#
#.#♣♣.♣♣ .♣


You could see a fire giant.

Vanquished Creatures
  Erica (D:9)
  A centaur warrior (D:10)
  2 two-headed ogres
  Pikel (D:9)
  A kobold demonologist (D:10)
  2 trolls (D:10)
  Sigmund (D:3)
  7 yaks
  2 wyverns
  A steam dragon (D:9)
  2 acid dragons (D:10)
  A water moccasin (D:6)
  3 black bears
  4 orc warriors
  An ice beast (D:7)
  3 sky beasts
  An ogre (D:5)
  4 centaurs
  2 lemures (D:9)
  6 phantoms
  A bullfrog (D:8)
  4 kobold brigands
  A gnoll sergeant (D:10)
  2 wights (D:10)
  3 scorpions
  The ghost of purpskrrrp the Sneak, a weakling DgDe (D:4)
  8 killer bees
  A howler monkey (D:10)
  An orc priest (D:5)
  2 gnoll boudas
  3 hounds (D:5)
  Jessica (D:2)
  6 iguanas
  7 orc wizards
  6 gnolls
  4 adders
  2 shadow imps
  A white imp (D:6)
  4 ufetubi
  A worm (D:2)
  A dart slug (D:2)
  11 orcs
  14 ball pythons
  3 bats
  3 endoplasms
  4 giant cockroaches
  8 goblins
  8 hobgoblins
  6 jackals (D:4)
  31 kobolds
  2 quokkas
  2 frilled lizards
  6 rats
204 creatures vanquished.

Vanquished Creatures (others)
  3 fungi
  3 plants
6 creatures vanquished.

Grand Total: 210 creatures vanquished

Notes
Turn   | Place    | Note
-------+----------+-------------------------------------------
     0 | D:1      | xian the Barachi Ice Elementalist began the quest for the
                  | Orb.
     0 | D:1      | Reached XP level 1. HP: 13/13 MP: 3/3
     8 | D:1      | Found Rereav's Distillery.
    24 | D:1      | Reached skill level 5 in Ice Magic
    95 | D:1      | Reached XP level 2. HP: 16/19 MP: 1/5
   811 | D:1      | Reached XP level 3. HP: 21/24 MP: 3/6
   815 | D:1      | Learned a level 3 spell: Frozen Ramparts
   896 | D:1      | Found a faded altar of an unknown god.
  1458 | D:2      | Noticed Jessica
  1466 | D:2      | Killed Jessica
  1467 | D:2      | Reached XP level 4. HP: 24/31 MP: 5/8
  1765 | D:3      | Reached skill level 1 in Short Blades
  1765 | D:3      | Reached skill level 6 in Ice Magic
  1765 | D:3      | Reached XP level 5. HP: 36/36 MP: 7/9
  1844 | D:3      | Noticed Sigmund
  1859 | D:3      | Gained mutation: You have hidden genetic potential. [potion
                  | of mutation]
  1859 | D:3      | Gained mutation: You are clumsy. (Dex -2) [potion of
                  | mutation]
  1859 | D:3      | Gained mutation: You possess an exceptional clarity of
                  | mind. [potion of mutation]
  1866 | D:3      | Killed Sigmund
  1867 | D:3      | Reached skill level 1 in Fighting
  1867 | D:3      | Reached XP level 6. HP: 3/43 MP: 5/11
  1870 | D:3      | Gained mutation: You have large cloven feet. [hidden
                  | potential]
  2265 | D:3      | Found Vuig Ryu's Distillery.
  2276 | D:3      | Bought a potion of heal wounds for 50 gold pieces
  2276 | D:3      | Bought a potion of curing for 30 gold pieces
  2785 | D:3      | Found an ornate altar of the Wu Jian Council.
  2785 | D:3      | Found a hide-covered altar of Uskayaw.
  2819 | D:3      | Learned a level 3 spell: Ozocubu's Armour
  2824 | D:3      | Learned a level 4 spell: Hailstorm
  2825 | D:4      | Noticed purpskrrrp's ghost (weakling DgDe)
  2825 | D:4      | Found a runed translucent gate.
  2825 | D:4      | Found a runed translucent gate.
  2825 | D:4      | Found a runed translucent gate.
  2941 | D:3      | Reached XP level 7. HP: 18/49 MP: 0/13
  3158 | D:4      | Killed purpskrrrp's ghost
  3170 | D:4      | Gained mutation: Your muscles are strong. (Str +4, Int/Dex
                  | -1) [hidden potential]
  3170 | D:4      | Lost mutation: You have hidden genetic potential. [hidden
                  | potential expressed]
  3186 | D:4      | Reached skill level 7 in Ice Magic
  3362 | D:4      | You fall into a shaft and drop 3 floors!
  3756 | D:5      | Entered Level 5 of the Dungeon
  3902 | D:5      | Reached skill level 1 in Shields
  3925 | D:5      | Reached skill level 5 in Spellcasting
  3938 | D:5      | Reached XP level 8. HP: 47/56 MP: 0/15
  4064 | D:5      | Found an iron altar of Okawaru.
  4401 | D:5      | Reached skill level 8 in Ice Magic
  5359 | D:4      | Found a staircase to the Ecumenical Temple.
  5372 | Temple   | Entered the Ecumenical Temple
  5938 | D:6      | Found a radiant altar of Vehumet.
  5960 | D:6      | Became a worshipper of Vehumet
  6017 | D:6      | Reached XP level 9. HP: 62/62 MP: 14/18
  6166 | D:6      | Found a broken altar of Ashenzari.
  6691 | D:7      | Reached skill level 9 in Ice Magic
  7538 | D:7      | Found a shimmering blue altar of Sif Muna.
  7836 | D:7      | Reached skill level 5 in Dodging
  8016 | D:7      | Found an opulent altar of Gozag.
  8173 | D:8      | Reached skill level 1 in Conjurations
  8262 | D:8      | Reached skill level 10 in Ice Magic
  8264 | D:8      | Reached * piety under Vehumet
  8264 | D:8      | Offered knowledge of Foxfire by Vehumet.
  8273 | D:8      | Reached XP level 10. HP: 69/69 MP: 3/22
  8767 | D:8      | Found Logeos's Jewellery Shoppe.
  8833 | D:8      | Found a staircase to the Lair.
  8976 | D:8      | Found a blossoming altar of Fedhas.
  9269 | D:9      | Reached skill level 11 in Ice Magic
  9442 | D:9      | Noticed a two-headed ogre
  9446 | D:9      | Noticed Erica
  9463 | D:9      | Killed Erica
  9465 | D:9      | Killed a two-headed ogre
 10143 | D:9      | Noticed Pikel
 10160 | D:9      | Killed Pikel
 10161 | D:9      | Reached skill level 10 in Spellcasting
 10303 | D:10     | Entered Level 10 of the Dungeon
 10370 | D:10     | Noticed a two-headed ogre
 10370 | D:10     | Noticed a fire giant
 10370 | D:10     | Noticed a two-headed ogre
 10370 | D:10     | Noticed a centaur warrior
 10488 | D:10     | Reached skill level 12 in Ice Magic
 10490 | D:10     | Reached XP level 11. HP: 55/75 MP: 20/25
 10828 | D:10     | Killed a two-headed ogre
 10939 | D:10     | Killed a centaur warrior
 11148 | D:10     | Demolished by a fire giant

Illustrated notes

Levels and vault maps discovered:
D:1:      elethiomel_arrival_shortcut, layout_basic,
          shapermc_ecumenical_altar_hornbeckon, serial_shops,
          nicolae_shop_statue_plus
D:2:      layout_rooms, uniq_jessica
D:3:      layout_loops_ring, gammafunk_temple_overflow_statue, serial_shops,
          shop, uniq_sigmund
D:4:      layout_rooms, minmay_temple_entry_statues_fountains,
          gammafunk_ghost_nasty_kobolds, minmay_liquid_box
D:5:      layout_basic, mainiacjoe_overflow_six_doors_small, minmay_circle_x
D:6:      layout_basic, lemuel_tele_altar, mainiacjoe_overflow_alcove_2
D:7:      layout_layer_cave, kennysheep_orc_sif_temple,
          mainiacjoe_overflow_surrounded_room
D:8:      layout_gridville, fedhas_altar_1, grunt_lair_entry_orc_guard_hut,
          serial_shops, kennysheep_mini_moat
D:9:      layout_gridville, uniq_pikel, uniq_erica
D:10:     nzn_winding_woodlands_cross [nzn_winding_woodlands_5x15_pool,
          nzn_winding_woodlands_5x15_twine,
          nzn_winding_woodlands_5x15_longhouse,
          nzn_winding_woodlands_5x15_concentric,
          nzn_winding_woodlands_15x15_killbox], layout_loops_ring,
          mainiacjoe_overflow_24_doors, beargit_hepliaklqana_dungeon_heroes,
          chequers_arboretum
Temple:   nicolae_temple_slightly_damp_pantheon

Skill      XL: |  1  2  3  4  5  6  7  8  9 10 11 |
---------------+----------------------------------+-----
Ice Magic      | 5 6 7 8 10 12 | 12.9
Stealth        | 2 3 4 |  4.5
Short Blades   | 1 2 3 4 |  4.3
Spellcasting   | 3 4 5 6 8 10 11 | 11.0
Fighting       | 1 2 3 |  3.3
Dodging        | 3 4 5 6 |  6.0
Shields        | 1 2 3 |  3.7
Conjurations   | 1 2 |  2.0
Staves         | |  0.9

Action                   |  1- 3 |  4- 6 |  7- 9 | 10-12 || total
-------------------------+-------+-------+-------+-------++-------
Melee: Dagger            |    42 |    58 |   151 |    78 ||   329
       Kick              |       |     5 |    41 |    29 ||    75
       Punch             |       |     1 |       |     1 ||     2
       Staff             |       |       |       |    19 ||    19
 Cast: Freeze            |    27 |    29 |    80 |    71 ||   207
       Frozen Ramparts   |       |     5 |    18 |    18 ||    41
       Ozocubu's Armour  |       |     2 |    13 |    15 ||    30
       Hailstorm         |       |       |     1 |     8 ||     9
  Use: Potion            |       |     4 |     1 |     3 ||     8
       Scroll            |       |       |       |    10 ||    10
 Stab: Sleeping          |     2 |     4 |     6 |     1 ||    13
Armor: Robe              |    20 |    23 |    66 |    24 ||   133
       Steam dragon scal |       |       |       |    53 ||    53
Dodge: Dodged            |    55 |    35 |   156 |   144 ||   390
Block: Other             |       |    18 |    45 |    50 ||   113
       Reflection        |       |     1 |     2 |     1 ||     4

Table legend: (Time is in decaauts)
 A = Elapsed time spent in this place.
 B = Non-inter-level travel time spent in this place.
 C = Inter-level travel time spent in this place.
 D = Time resting spent in this place.
 E = Time spent auto-exploring this place.
 F = Levels seen in this place.
 G = Mean time per level.
                   A        B        C        D        E       F      G
               +--------+--------+--------+--------+--------+-----+--------+
         Total |  12360 |  12108 |    252 |    613 |   8774 |  11 | 1123.6 |
       Dungeon |  12140 |  11909 |    231 |    613 |   8591 |  10 | 1214.0 |
        Temple |    220 |    200 |     20 |      0 |    183 |   1 |  220.0 |
               +--------+--------+--------+--------+--------+-----+--------+

Top non-repeatable levels by time:
     D:7: 1824 daAuts
     D:5: 1580 daAuts
     D:3: 1459 daAuts
     D:6: 1357 daAuts
     D:1: 1267 daAuts
     D:8: 1252 daAuts
     D:9: 1155 daAuts
    D:10: 862 daAuts
     D:4: 692 daAuts
     D:2: 686 daAuts
  Temple: 220 daAuts
